 Dungeon Crawl Stone Soup version 0.30-a0-2-gf48d83f5e2 (webtiles) character file.

Game seed: 10230363002503573814

276 jfcaron the Cudgeller (level 6, -4/47 (48) HPs)
             Began as a Demonspawn Monk on Aug 20, 2022.
             Killed by divine providence
             ... invoked by an orc priest
              (15 damage)
             ... on level 6 of the Dungeon.
             The game lasted 00:08:05 (2915 turns).

jfcaron the Cudgeller (Demonspawn Monk)             Turns: 2915, Time: 00:08:06

HP:   -4/47 (48)    AC: 11    Str: 13    XL:     6   Next: 4%
MP:   6/6           EV:  4    Int: 11    God:
Gold: 29            SH:  0    Dex: 16    Spells: 5/5 levels left

rFire   . . .      SeeInvis .    m - +0 morningstar (drain)
rCold   . . .      Faith    .    (no shield)
rNeg    . . .      Spirit   .    l - +0 plate armour
rPois   .          Reflect  .    (no helmet)
rElec   .          Harm     .    (no cloak)
rCorr   .          Rampage  .    (no gloves)
Will    .....                    (no boots)
Stlth   ..........               (no amulet)
HPRegen 0.15/turn                (no ring)
MPRegen 0.10/turn                (no ring)

@: lightly drained
A: hooves 1, spiny 1
a: no special abilities


You were on level 6 of the Dungeon.
You visited 1 branch of the dungeon, and saw 4 of its levels.

You collected 75 gold pieces.
You spent 46 gold pieces at shops.

Inventory:

Hand Weapons
 m - a +0 morningstar of draining (weapon)
 r - a +1 dagger of protection
 s - the +1 dagger "Fyewn" {vorpal, Str+9 Int+5}
   (You found it on level 2 of the Dungeon)

   It inflicts extra damage upon your enemies.
   Str:       It affects your strength (+9).
   Int:       It affects your intelligence (+5).
Armour
 b - a +1 leather armour of fire resistance
 e - a +1 ring mail of willpower
 l - a +0 plate armour (worn)
Magical Staves
 p - a staff of death
Scrolls
 a - a scroll of identify
 j - a scroll of immolation
 n - a scroll of teleportation
 t - a scroll of fear
Potions
 c - a potion of ambrosia
 f - a potion of attraction {unknown}
 i - a potion of haste {unknown}
 q - a potion of berserk rage {unknown}


   Skills:
 + Level 4.0 Fighting
 * Level 4.4 Maces & Flails
 * Level 2.8 Armour
 - Level 3.0 Dodging
 - Level 1.7 Stealth


You had 5 spell levels left.
You didn't know any spells.
Your spell library contained the following spells:

 Spells                   Type           Power      Damage    Failure   Level
 Ensorcelled Hibernation  Hex/Ice        0%         N/A       100%        2
 Spider Form              Tmut/Pois      0%         N/A       100%        3
 Anguish                  Hex/Necr       0%         N/A       100%        4


Dungeon Overview and Level Annotations

Branches:
Dungeon (3/15)

Altars:

Shops:
D:1 *


Innate Abilities, Weirdness & Mutations

You have large cloven feet.
You are partially covered in sharp spines.


Message History

The orc priest looks braver for a moment.
The orc priest mumbles some strange prayers to Beogh against you.
Beogh smites you!
You hit the orc priest. You drain the orc priest.
The orc priest is almost dead.
The orc barely misses you.
The orc priest hits you with a +0 falchion of freezing.
The orc priest freezes you.
You closely miss the orc priest.
The orc priest is almost dead.
The orc hits you with a +0 flail. The orc priest barely misses you.
You sock the orc priest!
You kill the orc priest!
The orc is struck by your spines. The orc hits you but does no damage.
The orc priest hits you with a +0 whip of draining.
You feel drained.
Your life force feels restored.
You have reached level 6!
You barely miss the orc priest. The orc barely misses you.
The orc priest hits you but does no damage.
You feel drained.
You hit the orc priest but do no damage.
You kick the orc priest, but do no damage.
The orc hits you with a +0 flail.
The orc priest is struck by your spines.
The orc priest barely misses you.
You barely miss the orc priest. You kick the orc priest.
The orc priest is moderately wounded.
The orc hits you but does no damage.
The orc priest calls down the wrath of Beogh upon you.
Pain shoots through your body!
* * * LOW HITPOINT WARNING * * *
Unknown command.
You hit the orc priest but do no damage.
You drain the orc priest. Your kick misses the orc priest.
The orc priest is heavily wounded.
The orc barely misses you.
The orc priest mumbles some strange prayers to Beogh against you.
Beogh smites you!
You die...

.....# .....# #)#
.....# #.. #...## #.#
###.##### #.###
##.....####.<..
#...........#
#...........#######.###
#...........'..@oo.....
#....#########(o###..##
###### #..# ...# ###..
##.. ... ..#.


You could see an orc priest (very drained) and 2 orcs.

Vanquished Creatures
  An ice beast (D:6)
  A scorpion (D:6)
  An orc priest (D:6)
  3 gnolls
  An adder (D:3)
  A white imp (D:2)
  A worm (D:3)
  3 orcs
  2 ball pythons
  4 bats
  7 endoplasms
  A giant cockroach (D:2)
  3 goblins
  3 hobgoblins (D:1)
  3 jackals
  A quokka (D:2)
  3 frilled lizards
  3 kobolds
  10 rats
52 creatures vanquished.

Notes
Turn   | Place    | Note
-------+----------+-------------------------------------------
     0 | D:1      | jfcaron the Demonspawn Monk began the quest for the Orb.
     0 | D:1      | Reached XP level 1. HP: 18/18 MP: 1/1
   374 | D:1      | Found Ugaasyc's Assorted Antiques.
   485 | D:1      | Gained mutation: You are partially covered in sharp spines.
                  | [demonic ancestry]
   485 | D:1      | Reached XP level 2. HP: 24/24 MP: 2/2
  1073 | D:1      | Bought a scroll labelled XUTIJO FUOHIAG for 23 gold pieces
  1155 | D:2      | Gained mutation: You have large cloven feet. [demonic
                  | ancestry]
  1155 | D:2      | Reached XP level 3. HP: 29/29 MP: 3/3
  1952 | D:2      | Identified the +1 dagger "Fyewn" {vorpal, Str+9 Int+5}
  2115 | D:1      | Bought a scroll labelled UKHLEM SEHE for 23 gold pieces
  2266 | D:3      | Reached skill level 1 in Armour
  2460 | D:3      | Reached XP level 4. HP: 35/35 MP: 4/4
  2467 | D:2      | HP: 3/35 [white imp (5)]
  2851 | D:3      | You fall into a shaft and drop 3 floors!
  2867 | D:6      | Noticed a scorpion
  2873 | D:6      | Killed a scorpion
  2874 | D:6      | Reached XP level 5. HP: 42/42 MP: 5/5
  2880 | D:6      | Noticed an ice beast
  2886 | D:6      | Killed an ice beast
  2912 | D:6      | Reached XP level 6. HP: 26/48 MP: 6/6
  2915 | D:6      | Killed from afar by an orc priest

Illustrated notes

Levels and vault maps discovered:
D:1:      dpeg_arrival_arbitrary_b, layout_loops_ring, serial_glass,
          glass_columns_a, glass_columns_b, glass_columns_b, glass_columns_a,
          glass_columns_a, glass_columns_a, glass_columns_b, glass_columns_c,
          glass_columns_b, glass_columns_c, serial_shops,
          nicolae_shop_hallway_plus, minmay_indecisive_spiral
D:2:      layout_basic
D:3:      layout_loops_cross, trog_book, chequers_serial_rivers_room_b,
          minmay_tree_intersection
D:6:      layout_basic, mainiacjoe_overflow_alcove_2,
          minmay_temple_entry_overgrown, nicolae_ossuary_entry_plus,
          gammafunk_ghost_arena

Skill      XL: |  1  2  3  4  5 |
---------------+----------------+-----
Maces & Flails | 3 4 |  4.4
Dodging        | 3 |  3.0
Armour         | 1 2 |  2.8
Fighting       | 4 |  4.0
Stealth        | |  1.7

Action                   |  1- 3 |  4- 6 || total
-------------------------+-------+-------++-------
Melee: Mace              |    31 |       ||    31
       Morningstar       |    39 |    30 ||    69
       Kick              |     1 |     8 ||     9
Throw: Stone             |    20 |     6 ||    26
       Dart              |    48 |       ||    48
  Use: Scroll            |       |     7 ||     7
       Potion            |       |     1 ||     1
 Stab: Sleeping          |     1 |       ||     1
Armor: Robe              |     3 |       ||     3
       Plate armour      |    26 |    18 ||    44
Dodge: Dodged            |    19 |    12 ||    31

Table legend: (Time is in decaauts)
 A = Elapsed time spent in this place.
 B = Non-inter-level travel time spent in this place.
 C = Inter-level travel time spent in this place.
 D = Time resting spent in this place.
 E = Time spent auto-exploring this place.
 F = Levels seen in this place.
 G = Mean time per level.
                   A        B        C        D        E       F      G
               +--------+--------+--------+--------+--------+-----+--------+
         Total |   2948 |   2699 |    249 |    703 |   1562 |   4 |  737.0 |
       Dungeon |   2948 |   2699 |    249 |    703 |   1562 |   4 |  737.0 |
               +--------+--------+--------+--------+--------+-----+--------+

Top non-repeatable levels by time:
     D:2: 1426 daAuts
     D:1: 1158 daAuts
     D:3: 295 daAuts
     D:6: 67 daAuts
